 Dungeon Crawl Stone Soup version 0.16-a0-4099-g0be755f (console) character file.

1647 fcrawl the Cudgeler (level 9, -8/57 HPs)
             Began as a Gargoyle Berserker on Feb 25, 2015.
             Was a High Priest of Trog.
             Mangled by Menkaure (10 damage)
             ... on level 7 of the Dungeon.
             The game lasted 00:10:56 (7103 turns).

fcrawl the Cudgeler (Gargoyle Berserker)            Turns: 7103, Time: 00:10:56

Health: -8/57      AC: 20    Str: 23    XL:     9   Next: 0%
Magic:  9/9        EV: 11    Int:  8    God:    Trog [*****.]
Gold:   325        SH:  0    Dex: 10    Spells: 0 memorised, 8 levels left

rFire  . . .     SeeInvis +     j - +0 dire flail (protect)
rCold  . . .     Clarity  .     k - +1 leather armour {MR+}
rNeg   + . .     SustAb   .     (no shield)
rPois  ∞         Gourm    .     b - +2 helmet
rElec  +         Spirit   .     (no cloak)
rCorr  .         Warding  .     e - +0 pair of gloves
rMut   .         Stasis   .     (no boots)
MR     ++++.                    (no amulet)
Stlth  +.........               f - ring of see invisible
                                d - ring of protection from magic

@: regenerating, incredibly resistant to hostile enchantments, very unstealthy
A: negative energy resistance 1, electricity resistance, unbreathing,
petrification resistance, rot immunity, AC +5
a: Burn Spellbooks, Berserk, Trog's Hand, Brothers in Arms, Renounce Religion


You were on level 7 of the Dungeon.
You worshipped Trog.
Trog was extremely pleased with you.
You were very hungry.

You visited 1 branch of the dungeon, and saw 7 of its levels.
You also visited: Sewer.

You collected 325 gold pieces.

Inventory:

Hand weapons
 j - a +0 dire flail of protection (weapon)
Armour
 b - a +2 helmet (worn)
 e - a +0 pair of gloves (worn)
 k - a +1 leather armour of magic resistance (worn)
 l - a cursed -1 leather armour
Jewellery
 d - a ring of protection from magic (left hand)
 f - a ring of see invisible (right hand)
 h - an uncursed ring of protection from fire {unknown}
 n - a cursed +5 ring of dexterity {unknown}
Magical devices
 i - a wand of fireball (4)
Comestibles
 a - a slice of pizza
 c - 3 bread rations
 g - a meat ration
 m - a beef jerky


   Skills:
 + Level 7.2 Fighting
 + Level 7.8 Maces & Flails
 + Level 6.9 Armour
 - Level 1.5 Dodging


You had 8 spell levels left.
You didn't know any spells.

Dungeon Overview and Level Annotations

Branches:
Dungeon (7/15)
 Temple: D:4-7

Altars:
Qazlal
Ru
Sif Muna
Vehumet

Annotations:
D:7 Menkaure


Innate Abilities, Weirdness & Mutations

You are resistant to torment.
You are immune to poison.
Your stone body is very resilient (AC +5).
You resist negative energy.
You are resistant to electric shocks.
You can survive without breathing.
You are immune to petrification.
You are immune to rotting.


Message History

You barely miss Menkaure.
Menkaure is moderately damaged.
Menkaure hits you!
Huge Dmg: -28%(-16hp) hp: 37%(21hp)
You thump Menkaure!
Menkaure is almost destroyed.
Menkaure hits you!
* * * LOW HITPOINT WARNING * * *
Menkaure sighs in an indecipherable tongue.
Menkaure hits you!
* * * LOW HITPOINT WARNING * * *
Huge Dmg: -35%(-20hp) hp: 2%(1hp) Unknown command.
Unknown command.
Use which ability? (? or * to list)
Your skin crawls.
You feel resistant to hostile enchantments.
You feel slightly more hungry. The bat hits you but does no damage.
Menkaure hits you!
You die...

#.. #.. ..#
##..
..##...
.....#
#....#
#....# .
#....##...#
##<.......#
#@.......#
#Mb.......
.....##..
.....## .
.....##
.....##
......#
.....# ...


You could see Menkaure and a bat.

Vanquished Creatures
  Edmund (D:4)
  2 ice beasts (D:6)
  A phantom (D:4)
  A black bear (D:6)
  A centaur (D:5)
  An ogre (D:6)
  A giant frog (D:6)
  2 scorpions
  The ghost of Vidiiot the Caller, a weakling GrSu (D:4)
  A giant frog zombie (D:6)
  2 crimson imps (D:6)
  A quasit (D:5)
  2 jellies
  2 hounds
  3 orc wizards
  Natasha (thrice) (D:3)
  3 worker ants
  Ijyb (D:2)
  A hound zombie (D:5)
  A hound skeleton (D:5)
  6 gnolls
  9 adders
  4 giant mites
  4 worms
  5 giant geckos
  4 oozes
  9 orcs
  15 giant cockroaches
  11 hobgoblins
  A jackal (Sewer)
  22 kobolds
  2 quokkas
  3 ball pythons
  12 bats
  A giant gecko zombie (D:5)
  5 giant newts
  7 goblins
  A jackal skeleton (D:5)
  A quokka zombie (D:6)
  9 rats
162 creatures vanquished.

Notes
Turn   | Place    | Note
--------------------------------------------------------------
     0 | D:1      | fcrawl, the Gargoyle Berserker, began the quest for the Orb.
     0 | D:1      | Reached XP level 1. HP: 14/14 MP: 1/1
   458 | D:1      | Reached XP level 2. HP: 19/19 MP: 2/2
   734 | D:1      | Reached skill level 4 in Maces & Flails
   803 | D:1      | Acquired Trog's second power
   957 | D:2      | Found a deep blue altar of Sif Muna.
  1030 | D:2      | Reached XP level 3. HP: 23/23 MP: 3/3
  1042 | D:2      | Noticed Ijyb
  1050 | D:2      | Killed Ijyb
  1056 | D:2      | Huge Dmg: 10 Dmg
  1082 | D:2      | Huge Dmg: 5 Dmg
  1084 | D:2      | Huge Dmg: 8 Dmg
  1084 | D:2      | Reached XP level 4. HP: 8/28 MP: 4/4
  1346 | D:2      | Reached skill level 5 in Maces & Flails
  1758 | D:3      | Found a sacrificial altar of Ru.
  1788 | D:3      | Huge Dmg: 9 Dmg
  1959 | D:3      | Reached XP level 5. HP: 22/32 MP: 5/5
  2055 | D:3      | Noticed Natasha
  2059 | D:3      | Huge Dmg: 7 Dmg
  2060 | D:3      | Huge Dmg: 7 Dmg
  2062 | D:3      | Huge Dmg: 4 Dmg
  2065 | D:3      | Huge Dmg: 5 Dmg
  2065 | D:3      | Killed Natasha
  2071 | D:3      | Huge Dmg: 1 Dmg
  2396 | D:3      | Huge Dmg: 6 Dmg
  2398 | D:3      | Huge Dmg: 7 Dmg
  2399 | D:3      | Huge Dmg: 4 Dmg
  2601 | D:3      | Huge Dmg: 9 Dmg
  2766 | D:3      | Noticed Natasha
  2783 | D:3      | Huge Dmg: 7 Dmg
  2783 | D:3      | Killed Natasha
  2783 | D:3      | Reached XP level 6. HP: 25/38 MP: 6/6
  2787 | D:3      | Huge Dmg: 8 Dmg
  3016 | D:3      | Huge Dmg: 8 Dmg
  3018 | D:3      | Huge Dmg: 12 Dmg
  3026 | D:3      | Huge Dmg: 6 Dmg
  3029 | D:3      | Huge Dmg: 3 Dmg
  3030 | D:3      | Huge Dmg: 4 Dmg
  3035 | D:3      | Huge Dmg: 2 Dmg
  3149 | D:3      | Huge Dmg: 5 Dmg
  3293 | D:3      | Noticed Natasha
  3297 | D:3      | Killed Natasha
  3311 | D:3      | Huge Dmg: 6 Dmg
  3314 | D:3      | Huge Dmg: 7 Dmg
  3316 | D:3      | Huge Dmg: 3 Dmg
  3541 | D:4      | Noticed Vidiiot's ghost (weakling GrSu)
  3551 | D:4      | Killed Vidiiot's ghost
  3557 | D:4      | Huge Dmg: 15 Dmg
  3606 | D:4      | Noticed a phantom
  3636 | D:4      | Killed a phantom
  3636 | D:4      | Reached skill level 6 in Maces & Flails
  3636 | D:4      | Reached XP level 7. HP: 40/44 MP: 7/7
  3685 | D:4      | Noticed Edmund
  3693 | D:4      | Huge Dmg: 13 Dmg
  3706 | D:4      | Huge Dmg: 8 Dmg
  3707 | D:4      | Huge Dmg: 5 Dmg
  3708 | D:4      | Huge Dmg: 5 Dmg
  3709 | D:4      | Huge Dmg: 5 Dmg
  3709 | D:4      | Killed Edmund
  3709 | D:4      | Reached skill level 5 in Fighting
  4110 | D:4      | Huge Dmg: 9 Dmg
  4128 | D:4      | Huge Dmg: 18 Dmg
  4358 | D:4      | Reached skill level 5 in Armour
  4549 | D:5      | Entered Level 5 of the Dungeon
  4696 | D:5      | Found a glowing drain.
  4707 | D:5      | Acquired Trog's third power
  4751 | Sewer    | Entered a sewer
  5272 | D:5      | Found a radiant altar of Vehumet.
  5309 | D:5      | Reached XP level 8. HP: 49/51 MP: 8/8
  5776 | D:5      | Reached skill level 7 in Maces & Flails
  6073 | D:6      | Huge Dmg: 24 Dmg
  6503 | D:6      | Found a stormy altar of Qazlal.
  6979 | D:6      | Huge Dmg: 14 Dmg
  7094 | D:7      | Reached XP level 9. HP: 57/57 MP: 9/9
  7095 | D:7      | Noticed Menkaure
  7101 | D:7      | Huge Dmg: 16 Dmg
  7102 | D:7      | Huge Dmg: 16 Dmg
  7102 | D:7      | HP: 1/57 [Menkaure (10)]
  7103 | D:7      | Huge Dmg: 20 Dmg
  7103 | D:7      | Mangled by Menkaure

Action                   |  1- 3 |  4- 6 |  7- 9 || total
-------------------------+-------+-------+-------++-------
Melee: Mace              |    78 |   267 |    24 ||   369
       Dire flail        |       |       |   280 ||   280
Invok: Berserk           |     1 |     5 |     3 ||     9
       Trog's Hand       |       |     1 |     1 ||     2
 Stab: Distracted        |       |     1 |       ||     1
  Eat: Chunk             |       |    10 |     9 ||    19
       Meat ration       |       |     1 |       ||     1
       Bread ration      |       |       |     1 ||     1

Vault maps used:
D:1:      eino_arrival_cavern_b
D:2:      led_sif_pool, uniq_iyjb
D:3:      overflow_temple_1_default, first_bread, minmay_misc_feat_cross,
          minmay_misc_feat_pillars, uniq_natasha
D:4:      uniq_edmund
D:5:      lemuel_crystal_altar, portal_sewer_entry_f
D:6:      nicolae_overflow_hidden_temple
D:7:      kennysheep_mini_moat, minmay_temple_entry_overgrown, grunt_livestock,
          uniq_menkaure
Sewer:    sewer_co_scattered_pipes
